 Dungeon Crawl Stone Soup version 0.29-a0-459-g97dee8cd24 (webtiles) character file.

Game seed: 12700392117058668098

95 soylentgreeen202 the Slasher (level 4, 0/57 HPs)
             Began as a Draconian Chaos Knight on May 20, 2022.
             Was a Plaything of Xom.
             Succumbed to a scorpion's poison
             ... on level 2 of the Dungeon.
             The game lasted 00:03:55 (763 turns).

soylentgreeen202 the Slasher (DrCK)                  Turns: 763, Time: 00:03:55

Health: 0/57       AC: 22    Str: 17    XL:     4   Next: 40%
Magic:  4/4        EV:  2    Int: 12    God:    Xom [..*...]
Gold:   61         SH:  0    Dex: 10    Spells: 3/3 levels left

rFire   . . .      SeeInvis .   a - +0 falchion (chaos)
rCold   . . .      Faith    .   (no shield)
rNeg    . . .      Spirit   .   (body armour unavailable)
rPois   +          Reflect  .   (helmet currently unavailable)
rElec   .          Harm     .   (cloak currently unavailable)
rCorr   .          Rampage  .   (gloves currently unavailable)
Will    .....      NoTele   +   (boots currently unavailable)
Stlth   +.........              (no amulet)
HPRegen 0.19/turn               (no ring)
MPRegen 0.09/turn               (no ring)

@: brilliant, lethally poisoned (0 -> -10), tree-form
A: stationary, stasis, torment immunity, boosted hp, AC +5, unfitting armour,
(cold-blooded), (cold resistance 1), deterioration 1, screaming 1
a: Renounce Religion


You were on level 2 of the Dungeon.
You worshipped Xom.
You were a toy of Xom.
You were a tree.
You visited 1 branch of the dungeon, and saw 2 of its levels.

You collected 61 gold pieces.

Inventory:

Hand Weapons
 a - a +0 falchion of chaos (weapon)
Missiles
 d - 40 stones
 f - 4 datura-tipped darts
Armour
 i - a +2 pair of boots (melded)
Scrolls
 e - 2 scrolls of fear {unknown}
 h - a scroll of enchant armour {unknown}
Potions
 g - a potion of mutation
Miscellaneous
 b - a piece from Xom's chessboard (15/15) (quivered)


   Skills:
 - Level 3.2 Fighting
 + Level 5.2 Long Blades
 - Level 2.1 Dodging


You had 3 spell levels left.
You didn't know any spells.
Your spell library was empty.

Dungeon Overview and Level Annotations

Branches:
Dungeon (2/15)

Altars:


Innate Abilities, Weirdness & Mutations

You are a tree.
Your roots penetrate the ground, keeping you stationary.
You cannot be teleported.
You are immune to unholy pain and torment.
Your maximum health is greatly increased.
Your equipment is partially melded.
((Your plain brown scales are hard. (AC +5)))
You cannot fit into any form of body armour.
((You are cold-blooded and may be slowed by cold attacks.))
((Your flesh is cold resistant. (rC+)))
Your body sometimes deteriorates upon taking damage.
You occasionally shout uncontrollably at your foes.


Message History

You hit the scorpion.
The scorpion is severely wounded.
You feel very sick. The scorpion stings you.
You are lethally poisoned!
The scorpion poisons you!
You hit the scorpion but do no damage.
The scorpion is severely wounded.
You feel very sick. The scorpion stings you.
You are more poisoned.
The scorpion poisons you! The scorpion misses you.
You hit the scorpion.
Lightning courses through the scorpion!!
You kill the scorpion!
* * * LOW HITPOINT WARNING * * *
You feel very sick.
Your Long Blades skill increases to level 5!
You have reached level 4!
You feel stronger.
There is a lethal amount of poison in your body!
It was a potion of lignification.
You turn into a tree.
Your +2 pair of boots melds into your body.
Your roots penetrate the ground.
* * * LOW HITPOINT WARNING * * *
You feel very sick.
It was a potion of mutation.
You feel extremely strange. Fur sprouts all over your body.
* * * LOW HITPOINT WARNING * * *
You feel very sick.
It was a potion of brilliance.
You feel clever all of a sudden.
* * * LOW HITPOINT WARNING * * *
You feel sick.
Really quaff the potion of mutation?
You feel extremely strange.
You shed all your fur.
You feel the urge to shout.
You feel yourself wasting away.
You feel resistant to cold.
You die...
Xom laughs nastily!

##..#
####..†###
#......†.#
####...#.#
##.##.# ##
#.# #.#
#†# #♣#
#.# #.#
#.# #<#
######.#
#......#
########


There were no monsters in sight!

Vanquished Creatures
  A scorpion (D:2)
  A dart slug (D:1)
  3 bats (D:1)
  3 endoplasms (D:1)
  A goblin (D:1)
  4 hobgoblins
  4 jackals (D:1)
  A quokka (D:1)
  3 frilled lizards
  5 kobolds (D:1)
  3 rats (D:1)
29 creatures vanquished.

Vanquished Creatures (others)
  A plant (D:1)
1 creature vanquished.

Grand Total: 30 creatures vanquished

Notes
Turn   | Place    | Note
-------+----------+-------------------------------------------
     0 | D:1      | soylentgreeen202 the Draconian Chaos Knight began the quest
                  | for the Orb.
     0 | D:1      | Reached XP level 1. HP: 19/19 MP: 1/1
     5 | D:1      | XOM: silly message
    45 | D:1      | Found a faded altar of an unknown god.
    79 | D:1      | Reached XP level 2. HP: 19/26 MP: 2/2
   236 | D:1      | Reached skill level 4 in Long Blades
   522 | D:1      | Reached XP level 3. HP: 31/31 MP: 3/3
   686 | D:1      | XOM: silly message
   735 | D:2      | Noticed a scorpion
   759 | D:2      | Killed a scorpion
   760 | D:2      | Reached skill level 5 in Long Blades
   760 | D:2      | Reached XP level 4. HP: 8/38 MP: 4/4
   761 | D:2      | Gained mutation: You are covered in fur. (AC +1) [potion of
                  | mutation]
   763 | D:2      | Lost mutation: You are covered in fur. (AC +1) [potion of
                  | mutation]
   763 | D:2      | Gained mutation: You occasionally shout uncontrollably at
                  | your foes. [potion of mutation]
   763 | D:2      | Gained mutation: Your body sometimes deteriorates upon
                  | taking damage. [potion of mutation]
   763 | D:2      | Gained mutation: Your flesh is cold resistant. (rC+)
                  | [potion of mutation]
   763 | D:2      | Succumbed to a scorpion's poison

Illustrated notes

Levels and vault maps discovered:
D:1:      wander_arrival_fairy_ring, layout_rooms,
          hellmonk_ecumenical_altar_arch_garden
D:2:      kb_forest_paths, layout_loops_corners, serial_shops, shop

Skill      XL: |  1  2  3 |
---------------+----------+-----
Long Blades    | 4 5 |  5.2
Fighting       | |  3.2
Dodging        | |  2.1

Action                   |  1- 3 |  4- 6 || total
-------------------------+-------+-------++-------
Melee: Falchion          |    81 |       ||    81
       Tailslap          |    10 |       ||    10
  Use: Potion            |       |     4 ||     4
Armor: Skin              |    30 |       ||    30
Dodge: Dodged            |    63 |       ||    63

Table legend: (Time is in decaauts)
 A = Elapsed time spent in this place.
 B = Non-inter-level travel time spent in this place.
 C = Inter-level travel time spent in this place.
 D = Time resting spent in this place.
 E = Time spent auto-exploring this place.
 F = Levels seen in this place.
 G = Mean time per level.
                   A        B        C        D        E       F      G
               +--------+--------+--------+--------+--------+-----+--------+
         Total |    771 |    767 |      4 |    254 |    240 |   2 |  385.5 |
       Dungeon |    771 |    767 |      4 |    254 |    240 |   2 |  385.5 |
               +--------+--------+--------+--------+--------+-----+--------+

Top non-repeatable levels by time:
     D:1: 713 daAuts
     D:2: 57 daAuts
